 Dungeon Crawl Stone Soup version 0.28-a0-537-g3bccd9ccbf (webtiles) character file.

Game seed: 9975784872463438644

35 Tocho the Firebug (level 3, -6/32 HPs)
             Began as an Ogre Fire Elementalist on Sept 27, 2021.
             Mangled by a black bear (12 damage)
             ... on level 3 of the Dungeon.
             The game lasted 00:05:04 (2221 turns).

Tocho the Firebug (Ogre Fire Elementalist)          Turns: 2221, Time: 00:05:05

Health: -6/32      AC:  3    Str: 13    XL:     3   Next: 33%
Magic:  1/7        EV:  9    Int: 16    God:
Gold:   69         SH:  0    Dex:  9    Spells: 4/7 levels left

rFire   . . .      SeeInvis .   i - +0 falchion
rCold   . . .      Faith    .   (no shield)
rNeg    . . .      Spirit   .   a - +0 robe
rPois   .          Reflect  .   (helmet restricted)
rElec   .          Harm     .   (no cloak)
rCorr   .          Rampage  .   (gloves unavailable)
Will    .....                   (boots unavailable)
Stlth   +.........              (no amulet)
HPRegen 0.10/turn               (no ring)
MPRegen 0.10/turn               (no ring)

@: no status effects
A: large, unfitting armour, tough skin 1
a: no special abilities


You were on level 3 of the Dungeon.
You visited 1 branch of the dungeon, and saw 3 of its levels.

You collected 69 gold pieces.

Inventory:

Hand Weapons
 g - a +0 trident
 i - a +0 falchion (weapon)
Missiles
 b - 3 javelins (quivered)
Armour
 a - a +0 robe (worn)
Scrolls
 c - 5 scrolls of identify {unknown}
 e - 2 scrolls of amnesia {unknown}
 h - a scroll of vulnerability {unknown}
Potions
 d - a potion of attraction {unknown}
 f - a potion of berserk rage {unknown}


   Skills:
 * Level 0.6 Fighting
 + Level 0.4 Maces & Flails
 + Level 1.8 Dodging
 - Level 1.4 Stealth
 + Level 0.1 Unarmed Combat
 + Level 2.9 Spellcasting
 + Level 1.3 Conjurations
 + Level 3.1 Fire Magic


You had 4 spell levels left.
You knew the following spells:

 Your Spells              Type           Power      Damage    Failure   Level
a - Foxfire               Conj/Fire      36%        2x1d5     8%          1
b - Scorch                Fire           24%        2d6       8%          2

Your spell library contained the following spells:

 Spells                   Type           Power      Damage    Failure   Level
 Conjure Flame            Conj/Fire      9%         6-21      22%         3
 Inner Flame              Hex/Fire       7%         N/A       30%         3
 Portal Projectile        Hex/Tloc       4%         N/A       50%         3
 Flame Wave               Conj/Fire      9%         3d4       58%         4
 Blade Hands              Tmut           1%         N/A       99%         5
 Excruciating Wounds      Necr           1%         N/A       99%         5


Dungeon Overview and Level Annotations

Branches:
Dungeon (3/15)

Altars:

Shops:
D:2 !


Innate Abilities, Weirdness & Mutations

You are too large for most types of armour.
You have tough skin. (AC +1)


Message History

Flames lash the black bear.
The black bear is burned terribly!
The black bear is heavily wounded.
The black bear closely misses you. x2; The black bear claws you.
Casting: Scorch (safe; 8% risk of failure)
Confirm with . or Enter, or press ? or * to list all spells.
Flames lash the black bear.
The black bear is burned terribly!
The black bear is severely wounded.
The black bear bites you. The black bear claws you.
The black bear claws you but does no damage.
Casting: Scorch (safe; 8% risk of failure)
Confirm with . or Enter, or press ? or * to list all spells.
You don't have enough magic to cast this spell.
Casting: Scorch (safe; 8% risk of failure)
Confirm with . or Enter, or press ? or * to list all spells.
You conjure some foxfire!
The black bear barely misses you.
The black bear claws you but does no damage. x2
The foxfire hits the rat.
The rat is severely wounded.
The foxfire hits the rat.
You kill the rat!
You closely miss the black bear.
The black bear is severely wounded.
The black bear bites you. The black bear claws you. The black bear misses you.
The black bear bites you. The black bear closely misses you.
The black bear barely misses you.
You hit the black bear.
The black bear is severely wounded.
The black bear bites you. The black bear claws you.
The black bear barely misses you.
You hit the black bear.
The black bear is severely wounded.
The black bear bites you.
* * * LOW HITPOINT WARNING * * *
The black bear claws you.
* * * LOW HITPOINT WARNING * * *
The black bear claws you.
* * * LOW HITPOINT WARNING * * *
The black bear goes berserk!
The black bear bites you!
You die...

#.........
###.........
######.........
.......#.#.....
.........#.##.#
...........##.#
..$....#.####.#
##........#.####.#####
.#........#.##..@....#
....#.#####..#.h.....#
#.... ##.#.......#
.....## #.........#
......# ##........#
....#.######.........#
.....................#
.............[.......#
.....................#


You could see a black bear (berserk).

Vanquished Creatures
  2 dart slugs (D:1)
  An orc (D:3)
  4 endoplasms (D:1)
  A giant cockroach (D:1)
  A goblin (D:1)
  A hobgoblin (D:2)
  3 quokkas (D:1)
  2 ball pythons (D:1)
  4 bats
  3 frilled lizards
  3 kobolds
  3 rats
  A spectral hobgoblin (D:3)
29 creatures vanquished.

Vanquished Creatures (others)
  18 foxfires
18 creatures vanquished.

Grand Total: 47 creatures vanquished

Notes
Turn   | Place    | Note
-------+----------+-------------------------------------------
     0 | D:1      | Tocho the Ogre Fire Elementalist began the quest for the
                  | Orb.
     0 | D:1      | Reached XP level 1. HP: 16/16 MP: 3/3
   241 | D:1      | Reached skill level 1 in Conjurations
   478 | D:1      | Reached skill level 3 in Fire Magic
   478 | D:1      | Reached XP level 2. HP: 14/24 MP: 5/5
   635 | D:1      | Learned a level 2 spell: Scorch
  1081 | D:1      | Reached XP level 3. HP: 31/31 MP: 4/7
  1576 | D:2      | Found Qufek's Distillery.
  2113 | D:3      | Found a faded altar of an unknown god.
  2202 | D:3      | Noticed a black bear
  2221 | D:3      | Mangled by a black bear

Illustrated notes

Levels and vault maps discovered:
D:1:      heliophobic_arrival_battle_scene, layout_loops_ring, st_stairs_1
D:2:      layout_basic, serial_shops, shop
D:3:      layout_rooms, dreamdust_ecumenical_altar_drowned_temple,
          lemuel_flame_loot_1, uniq_robin

Skill      XL: |  1 |
---------------+----+-----
Conjurations   | 1 |  1.3
Fire Magic     | 3 |  3.1
Fighting       | |  0.6
Maces & Flails | |  0.4
Dodging        | |  1.8
Stealth        | |  1.4
Unarmed Combat | |  0.1
Spellcasting   | |  2.9

Action                   || total
-------------------------++-------
Melee: Unarmed           ||     6
       Club              ||    64
       Trident           ||    12
       Falchion          ||     4
 Cast: Foxfire           ||    13
       Scorch            ||    16
 Stab: Sleeping          ||     1
Armor: Robe              ||    29
Dodge: Dodged            ||    59

Table legend: (Time is in decaauts)
 A = Elapsed time spent in this place.
 B = Non-inter-level travel time spent in this place.
 C = Inter-level travel time spent in this place.
 D = Time resting spent in this place.
 E = Time spent auto-exploring this place.
 F = Levels seen in this place.
 G = Mean time per level.
                   A        B        C        D        E       F      G
               +--------+--------+--------+--------+--------+-----+--------+
         Total |   2248 |   2228 |     20 |      0 |   1905 |   3 |  749.3 |
       Dungeon |   2248 |   2228 |     20 |      0 |   1905 |   3 |  749.3 |
               +--------+--------+--------+--------+--------+-----+--------+

Top non-repeatable levels by time:
     D:1: 1505 daAuts
     D:2: 488 daAuts
     D:3: 255 daAuts
